 Dungeon Crawl Stone Soup version 0.31.0-11-ge490571c62 (webtiles) character file.

Game seed: 14953582007814020132

1512131 gosagan the Worldbinder (level 25, 199/199 (200) HPs)
             Began as a Barachi Earth Elementalist on Feb 1, 2024.
             Was a Priest of Sif Muna.
             Escaped with the Orb
             ... and 3 runes on Feb 2, 2024!
             The game lasted 06:29:53 (76341 turns).

gosagan the Worldbinder (BaEE)                     Turns: 76341, Time: 06:29:53

HP:   199/199 (200) AC: 17    Str:  8    XL:     25   Next: 17%
MP:   26/43         EV: 28    Int: 38    God:    Sif Muna [***...]
Gold: 2790          SH: 12    Dex: 20    Spells: 3/56 levels left

rFire   + + .        q - +5 whip of the Hawk {pain, ^Contam rF+ Dex+4}
rCold   + . .        b - +3 warlock's mirror {omnireflect}
rNeg    . . .        E - +2 leather armour {rF+}
rPois   +            f - +2 helmet of an ossuary {rC+ Int+6}
rElec   +            y - +2 cloak {Will+}
rCorr   .            o - +1 pair of gloves "Fuoryul" {Str-4 Int+8 Dex-3 SInv}
SInv    +            M - +0 pair of boots of Twilight {rPois Dex+5 SInv}
Will    ++...        i - amulet of the acrobat
Stlth   ++           L - ring "Cirghi" {rElec EV+5}
HPRegen 0.53/turn    S - ring of Linyoni {Wiz rPois}
MPRegen 0.28/turn

%: random rage (3%), reflection, acrobat, wizardry (x1)
@: calling dragons, unable to hop, studying Shapeshifting, lightly drained, slow
A: amphibious, slowness 1, strong legs 2, +LOS, berserk 1, frail 1, persistent
drain
0: Orb of Zot
}: 3/15 runes: decaying, serpentine, slimy
a: Hop, Renounce Religion, Channel Magic, Forget Spell


You escaped.
You worshipped Sif Muna.
Sif Muna was most pleased with you.
You visited 11 branches of the dungeon, and saw 52 of its levels.
You also visited: Ossuary, Bailey and Volcano.

You collected 6832 gold pieces.
You spent 4042 gold pieces at shops.

Inventory:

Hand Weapons
 a - a +2 heavy quick blade
 q - the +5 whip of the Hawk (weapon) {pain, ^Contam rF+ Dex+4}
   (You found it on level 2 of the Dungeon)

   Dex+4:     It affects your dexterity (+4).
   rF+:       It protects you from fire.
   ^Contam:   It causes magical contamination when unequipped.
Missiles
 h - 29 boomerangs
 r - 59 poisoned darts
Armour
 b - the +3 warlock's mirror (worn) {omnireflect}
   (You bought it in a shop on level 1 of the Depths)

   Omnireflect: It can block and reflect piercing ranged attacks and magical
   attacks against the wielder's willpower.
 f - the +2 helmet of an ossuary (worn) {rC+ Int+6}
   (You found it on level 2 of the Depths)

   Int+6:     It affects your intelligence (+6).
   rC+:       It protects you from cold.
 o - the +1 pair of gloves "Fuoryul" (worn) {Str-4 Int+8 Dex-3 SInv}
   (You bought it in a shop on level 1 of the Depths)

   Str-4:     It affects your strength (-4).
   Int+8:     It affects your intelligence (+8).
   Dex-3:     It affects your dexterity (-3).
   SInv:      It lets you see invisible.
 y - a +2 cloak of willpower (worn)
 E - a +2 leather armour of fire resistance (worn)
 M - the +0 pair of boots of Twilight (worn) {rPois Dex+5 SInv}
   (You bought it in a shop on level 2 of the Orcish Mines)

   Dex+5:     It affects your dexterity (+5).
   rPois:     It protects you from poison SInv: It lets you see invisible.
 U - a +2 buckler of protection
Magical Staves
 c - the staff "Daumog" {^Drain rElec rC+ Air Earth}
   (You found it on level 5 of the Lair of Beasts)

   [staff of air]

   Base accuracy: +5 Base damage: 5 Base attack delay: 1.2 This weapon's minimum
   attack delay (0.6) is reached at skill level 12.
   rC+:       It protects you from cold.
   rElec:     It insulates you from electricity.
   ^Drain:    It drains your maximum health when unequipped.
   Air:       It increases the power of your Air spells.
   Earth:     It increases the power of your Earth spells.
   It falls into the 'Staves' category.
   It is a one-handed weapon.
 V - a staff of fire
Jewellery
 i - an amulet of the acrobat (around neck)
 L - the ring "Cirghi" (left hand) {rElec EV+5}
   (You found it on level 4 of the Depths)

   [ring of evasion]

   EV+5:      It affects your evasion (+5).
   rElec:     It insulates you from electricity.
 S - the ring of Linyoni (right hand) {Wiz rPois}
   (You bought it in a shop on level 9 of the Dungeon)

   [ring of wizardry]

   Wiz:       It improves your spell success rate.
   rPois:     It protects you from poison
 W - the ring "Jeryxesae" {rPois Int+5}
   (You found it on level 5 of the Lair of Beasts)

   [ring of poison resistance]

   Int+5:     It affects your intelligence (+5).
   rPois:     It protects you from poison
 Y - a ring of protection from cold
 Z - a ring of flight
Wands
 t - a wand of digging (9)
 v - a wand of paralysis (48)
 x - a wand of flame (72)
 D - a wand of polymorph (59)
 O - a wand of roots (20)
 T - a wand of mindburst (6)
Scrolls
 k - 12 scrolls of poison
 m - 10 scrolls of teleportation
 p - 8 scrolls of vulnerability
 w - a scroll of torment
 z - 4 scrolls of butterflies
 A - 8 scrolls of immolation
 B - 10 scrolls of enchant weapon
 C - a scroll of blinking
 F - 3 scrolls of amnesia
 N - 3 scrolls of silence
 P - 8 scrolls of fear
 X - a scroll of fog
Potions
 d - 9 potions of mutation
 e - 9 potions of curing
 g - 6 potions of lignification
 j - 3 potions of heal wounds
 l - 13 potions of might
 n - 13 potions of brilliance
 s - 4 potions of attraction
 u - 5 potions of resistance
 G - a potion of haste
 I - 2 potions of enlightenment
 J - 6 potions of magic
 K - 2 potions of cancellation
 Q - 8 potions of ambrosia
 R - 2 potions of invisibility
Miscellaneous
 H - a phantom mirror


   Skills:
 - Level 24.0 Fighting
 - Level 10.0 Armour
 + Level 16.6 Dodging
 - Level 7.5 Stealth
 - Level 15.0 Shields
 - Level 16.0 Spellcasting
 - Level 11.5 Conjurations
 - Level 5.0 Hexes
 - Level 25.0 Summonings
 - Level 5.0 Translocations
 - Level 10.8 Fire Magic
 - Level 11.5 Air Magic
 - Level 5.0 Earth Magic
 - Level 7.0 Invocations
 - Level 2.0 Evocations


You had 3 spell levels left.
You knew the following spells:

 Your Spells              Type           Power      Damage    Failure   Level
a - Monstrous Menagerie   Summ           60%        N/A       1%          7
b - Summon Hydra          Summ           60%        N/A       1%          7
c - Summon Horrible Thin  Summ           60%        N/A       1%          8
d - Freezing Cloud        Conj/Ice/Air   36%        6-21      1%          5
e - Dragon's Call         Summ           60%        N/A       2%          9
f - Sandblast             Erth           100%       2d20      1%          1
g - Passage of Golubria   Tloc           62%        N/A       1%          4
h - Summon Mana Viper     Hex/Summ       97%        N/A       1%          5
i - Malign Gateway        Summ/Tloc      48%        N/A       1%          7

Your spell library contained the following spells:

 Spells                   Type           Power      Damage    Failure   Level
 Foxfire                  Conj/Fire      100%       2x1d9     0%          1
 Magic Dart               Conj           100%       1d8       0%          1
 Shock                    Conj/Air       100%       1d9       0%          1
 Summon Small Mammal      Summ           100%       N/A       0%          1
 Call Imp                 Summ           100%       N/A       0%          2
 Call Canine Familiar     Summ           100%       N/A       0%          3
 Apportation              Tloc           100%       N/A       1%          1
 Freeze                   Ice            100%       1d10      1%          1
 Kiss of Death            Conj/Necr      100%       2d13      1%          1
 Necrotise                Necr           100%       1d9       1%          1
 Sting                    Conj/Alch      100%       1d9       1%          1
 Blink                    Tloc           100%       N/A       1%          2
 Cigotuvi's Dreadful Rot  Necr/Alch/Air  100%       N/A       1%          2
 Ensorcelled Hibernation  Hex/Ice        98%        N/A       1%          2
 Jinxbite                 Hex            100%       N/A       1%          2
 Lesser Beckoning         Tloc           100%       N/A       1%          2
 Mercury Vapours          Alch/Air       100%       N/A       1%          2
 Momentum Strike          Conj/Tloc      100%       3d10      1%          2
 Scorch                   Fire           100%       2d9       1%          2
 Searing Ray              Conj           100%       2d8       1%          2
 Static Discharge         Conj/Air       100%       3-8/arc   1%          2
 Confusing Touch          Hex            62%        N/A       1%          3
 Dazzling Flash           Conj/Hex       100%       N/A       1%          3
 Gell's Gravitas          Tloc           62%        N/A       1%          3
 Hailstorm                Conj/Ice       65%        3d12      1%          3
 Inner Flame              Hex/Fire       74%        N/A       1%          3
 Mephitic Cloud           Conj/Alch/Air  73%        N/A       1%          3
 Passwall                 Erth           62%        N/A       1%          3
 Sigil of Binding         Hex            62%        N/A       1%          3
 Stone Arrow              Conj/Erth      100%       3d13      1%          3
 Summon Ice Beast         Ice/Summ       90%        N/A       1%          3
 Swiftness                Air            87%        N/A       1%          3
 Teleport Other           Tloc           62%        N/A       1%          3
 Tukima's Dance           Hex            62%        N/A       1%          3
 Volatile Blastmotes      Fire/Tloc      100%       2d18      1%          3
 Frozen Ramparts          Ice            60%        1d10      2%          3
 Fugue of the Fallen      Necr           30%        N/A       2%          3
 Ozocubu's Armour         Ice            30%        N/A       2%          3
 Summon Blazeheart Golem  Fire/Summ      100%       N/A       0%          4
 Summon Lightning Spire   Summ/Air       100%       N/A       0%          4
 Summon Cactus Giant      Summ           60%        N/A       0%          6
 Airstrike                Air            43%        2d(7-23)  1%          4
 Animate Armour           Summ/Erth      100%       N/A       1%          4
 Brom's Barrelling Bould  Conj/Erth      75%        2d9       1%          4
 Cause Fear               Hex            31%        N/A       1%          4
 Dimensional Bullseye     Hex/Tloc       31%        N/A       1%          4
 Flame Wave               Conj/Fire      86%        2d18      1%          4
 Fulminant Prism          Conj/Alch      32%        3d16      1%          4
 Ignite Poison            Fire/Alch      64%        N/A       1%          4
 Iskenderun's Mystic Bla  Conj/Tloc      75%        2d15      1%          4
 Manifold Assault         Tloc           62%        N/A       1%          4
 Martyr's Knell           Necr/Summ      90%        N/A       1%          4
 Sticky Flame             Fire/Alch      64%        2d11      1%          4
 Vhi's Electric Charge    Tloc/Air       100%       N/A       1%          4
 Arcjolt                  Conj/Air       43%        1d53      1%          5
 Fireball                 Conj/Fire      43%        3d17      1%          5
 Irradiate                Conj/Alch      32%        3d22      1%          5
 Iskenderun's Battlesphe  Conj           87%        2d13      1%          5
 Silence                  Hex/Air        37%        N/A       1%          5
 Summon Forest            Summ/Tloc      48%        N/A       1%          5
 Conjure Ball Lightning   Conj/Air       43%        3x3d15    1%          6
 Plasma Beam              Fire/Air       43%        2x1d57    1%          6
 Starburst                Conj/Fire      43%        6d12      1%          6
 Spellforged Servitor     Conj/Summ      53%        N/A       1%          7
 Anguish                  Hex/Necr       24%        N/A       2%          4
 Leda's Liquefaction      Alch/Erth      24%        N/A       2%          4
 Petrify                  Alch/Erth      49%        N/A       2%          4
 Lee's Rapid Deconstruct  Erth           31%        3d16*     2%          5
 Haunt                    Necr/Summ      45%        N/A       3%          7
 Bombard                  Conj/Erth      37%        9d7       4%          6
 Animate Dead             Necr           30%        N/A       8%          4
 Dispel Undead            Necr           30%        3d14      8%          4
 Olgreb's Toxic Radiance  Alch           30%        N/A       8%          4
 Metabolic Englaciation   Hex/Ice        24%        N/A       8%          5
 Dispersal                Tloc           31%        N/A       14%         6
 Alistair's Intoxication  Alch           20%        N/A       21%         5
 Curse of Agony           Necr           30%        N/A       21%         5
 Maxwell's Capacitive Co  Air            43%        ∞         38%         8
 Ignition                 Fire           42%        3d12      45%         8
 Enfeeble                 Hex            31%        N/A       58%         7
 Sculpt Simulacrum        Ice/Alch       15%        N/A       69%         6
 Lehudib's Crystal Spear  Conj/Erth      37%        10d9      82%         8
 Ozocubu's Refrigeration  Ice            15%        4d10      99%         7
 Disjunction              Tloc           31%        N/A       99%         8
 Chain Lightning          Conj/Air       43%        3d58      99%         9


Dungeon Overview and Level Annotations

Branches:
Dungeon (15/15)            Temple (1/1) D:6            Lair (5/5) D:11
  Swamp (4/4) Lair:3        Snake (4/4) Lair:2        Slime (5/5) Lair:5
    Orc (2/2) D:11            Elf (3/3) Orc:2        Vaults (4/5) D:13
  Crypt (0/3) Vaults:2     Depths (4/4) D:15            Zot (5/5) Depths:4
Ossuary (visited)          Bailey (visited)         Volcano (visited)

Altars:
Ashenzari
Cheibriados
Dithmenos
Elyvilon
Fedhas
Gozag
Kikubaaqudgha
Makhleb
Nemelex Xobeh
Okawaru
Qazlal
Ru
Sif Muna
Trog
Uskayaw
Vehumet
Wu Jian
Xom
Yredelemnul
Zin
The Shining One
Jiyva

Shops:
D:1 =   D:4 *   D:9 *   D:10 !   D:11 (   Orc:2 ([(=   Snake:1 ?:[!
Snake:3 [:   Vaults:1 (   Vaults:3 =   Depths:1 :[*[   Depths:4 ![

Portals:
Hell: Depths:1 Depths:2 Depths:3 Depths:4
Abyss: Depths:1 Depths:2 Depths:3
Pandemonium: Depths:1 Depths:2
Ziggurat: Depths:1

Annotations:
D:4 Eustachio
D:5 2 transporters, zenocrate's ghost, weakling TrDe
D:7 1 runed translucent door, Crazy Yiuf
D:13 3 runed translucent doors
Lair:3 1 exclusion
Swamp:1 3 runed translucent doors, Zachydoop's ghost, journeyman DsGl
Snake:2 3 runed translucent doors
Elf:2 5 runed translucent doors
Depths:1 1 runed translucent door
Depths:4 2 transporters
Zot:1 1 runed translucent door


Innate Abilities, Weirdness & Mutations

You are amphibious.
You cover ground slowly.
You can hop long distances.
You have an extended range of vision and can be seen from far away.
You sometimes lose your temper in combat.
You are frail. (-10% HP)
Your health recovers twice as slowly from being drained.


Message History

Your large abomination disappears in a puff of smoke!
Something hits your tentacled monstrosity!
Your tentacled monstrosity is engulfed in flames.
Your tentacled monstrosity resists.
A shadow demon comes into view.
A dragon arrives to answer your call!
Your quicksilver dragon bites the shadow demon!!
Your quicksilver dragon claws the shadow demon.
A dragon arrives to answer your call!
Your quicksilver dragon closely misses the shadow demon.
Your quicksilver dragon claws the shadow demon!
Your quicksilver dragon closely misses the shadow demon.
Your quicksilver dragon claws the shadow demon!
Your golden dragon breathes cold at the shadow demon.
The bolt of cold hits the shadow demon!
The shadow demon resists.
The shadow demon dies!
Sif Muna accepts your kill.
You feel your intelligence returning.
Your golden dragon bites the sun demon!!
Your golden dragon claws the sun demon!
Your golden dragon tramples the sun demon but does no damage.
The sun demon hits your golden dragon!!
Your golden dragon is engulfed in flames.
Your golden dragon resists.
Your golden dragon bites the sun demon but does no damage.
Your golden dragon claws the sun demon but does no damage.
Your golden dragon tramples the sun demon!
The sun demon holds its ground!
The sun demon hits your golden dragon!
Your golden dragon is engulfed in flames.
Your golden dragon resists.
The sun demon hits your golden dragon!!
Your golden dragon is engulfed in flames!
Your golden dragon resists.
Hop to where?
Press: ? - help, Dir - move target Floosh!
You fall into the shallow water.
Boing!
There is a staircase leading out of the dungeon here.
You hear a shout!
You have escaped!

##################
#≈≈≈≈≈≈≈≈≈≈≈≈≈≈≈≈#
#~≈≈~~~≈~≈≈≈≈≈≈≈≈#
#~~~.~~.~≈≈≈≈≈≈≈≈#
#~~...~~~~~~≈≈≈≈≈#
#.....~~~~~≈~≈≈≈≈#
##.......~.~≈~≈≈≈#
#.....8.~.~~~~≈≈#
##..8....@~.~~~≈≈#
#..........~.~≈≈≈#
#..........8~~.≈≈#
##...........~~~~≈#
#.............~.~≈#
####.............~.~≈#
#................~~~≈#
#..........8......~~≈#
#....D.......###.~≈≈≈#


You could see a friendly quicksilver dragon (summoned).

Vanquished Creatures
  the Royal Jelly (Slime:5)
  Vv (Zot:3)
  Vashnia (Snake:2)
  Zenata (Vaults:3)
  An ironbound preserver (Vaults:1)
  A draconian stormcaller (Zot:1)
  4 hydras
  Erolcha (D:9)
  A catoblepas (Lair:2)
  4 centaur warriors
  4 anacondas
  Erica (Lair:2)
  A death knight (D:12)
  A boulder beetle (D:11)
  4 two-headed ogres
  A deep troll shaman (Lair:5)
  Urug (Lair:5)
  A tengu warrior (Depths:2)
  10 death yaks
  A naga warrior (Snake:4)
  Nergalle (Lair:1)
  A shock serpent (Snake:3)
  Sonja (Lair:2)
  A deep elf knight (Elf:1)
  A naga sharpshooter (Snake:2)
  2 spriggan druids (Lair:3)
  An arcanist (Vaults:2)
  3 deep trolls (Vaults:1)
  2 naga ritualists
  2 deep elf archers (Elf:1)
  An orc knight (Bailey)
  2 nameless horrors
  4 deep elf zephyrmancers (Elf:1)
  4 lindwurms
  An ironbound convoker (Vaults:2)
  2 salamanders (Snake:2)
  3 ugly things
  9 elephants
  A guardian serpent (Snake:2)
  3 naga magi (Snake:2)
  2 black mambas (Snake:2)
  A vault sentinel (Vaults:2)
  2 molten gargoyles (Volcano)
  6 cane toads
  2 gargoyles (D:11)
  A torpor snail (Lair:3)
  An orange demon (Lair:3)
  2 rime drakes
  4 kobold demonologists (D:11)
  4 yaktaurs
  2 tengu conjurers (Depths:2)
  5 komodo dragons
  5 trolls
  3 polar bears
  4 hornets
  Prince Ribbit (D:9)
  5 blink frogs
  2 slime creatures (Vaults:1)
  6 wyverns
  A hog (Elf:1)
  A basilisk (Lair:2)
  4 wraiths
  34 yaks
  Grum (D:9)
  9 nagas
  An acid dragon (D:11)
  6 water moccasins
  14 two-headed ogre zombies (D:9)
  10 orc warriors
  2 black bears
  2 ice beasts
  5 ogres
  20 wolves
  2 boggarts (Vaults:2)
  2 centaurs (D:9)
  2 phantoms
  2 kobold brigands
  A weeping skull (Ossuary)
  3 bullfrogs
  A gnoll sergeant (D:8)
  5 scorpions
  2 wights (D:7)
  5 water moccasin zombies (Ossuary)
  17 killer bees
  An electric eel (Lair:3)
  3 bombardier beetles
  5 howler monkeys
  2 jellies
  A gnoll bouda (D:7)
  2 hounds (D:4)
  2 orc priests
  3 iguanas
  A sleepcap (D:4)
  9 orc wizards
  7 hell rats
  A crocodile zombie (Ossuary)
  A mummy (Ossuary)
  11 gnolls
  7 adders
  A white imp (D:5)
  4 ufetubi
  5 adder zombies (Ossuary)
  5 ribbon worms
  2 dart slugs
  36 orcs
  6 ball pythons
  8 endoplasms
  8 giant cockroaches
  5 goblins
  9 hobgoblins
  6 jackals (D:5)
  3 quokkas
  4 bats
  3 frilled lizards (D:1)
  3 gnoll zombies (Ossuary)
  2 jackal zombies (Ossuary)
  13 kobolds
  An orc zombie (Ossuary)
  3 rats
479 creatures vanquished.

Vanquished Creatures (collateral kills)
  A dread lich (Zot:5)
  6 orbs of fire (Zot:5)
  An ancient lich (Zot:5)
  3 Killer Klowns (Zot:5)
  Saint Roka (Snake:4)
  A caustic shrike (Depths:4)
  7 golden dragons
  Nikola (Elf:2)
  Norris (Depths:3)
  A profane servitor (Zot:1)
  Jorgrun (Elf:1)
  Mlioglotl (Snake:4)
  Rupert (D:15)
  7 tentacled monstrosities
  A walking earthen tome (Depths:4)
  26 Orb Guardians
  2 liches
  3 quicksilver dragons
  A walking divine tome (Depths:3)
  A walking frostbound tome (Depths:4)
  2 titans
  14 acid blobs
  An Executioner (D:1)
  Kirke (Elf:1)
  Agnes (Snake:1)
  2 eldritch tentacles (Zot:5)
  3 death cobs (Zot:5)
  An ancient champion (Depths:4)
  A sphinx (Depths:4)
  Aizul (Snake:1)
  2 shadow dragons
  2 thorn hunters
  4 storm dragons
  6 tengu reavers
  3 draconian monks
  9 rockslimes
  A demonspawn warmonger (D:8)
  7 azure jellies
  8 fire giants
  4 nagarajas (Snake:4)
  2 fenstrider witches
  7 frost giants
  3 protean progenitors
  2 draconian knights
  2 ghost moths
  An iron dragon (Depths:4)
  5 draconian shifters
  2 orc warlords
  2 draconian scorchers
  A deep elf sorcerer (Elf:2)
  8 vault wardens
  18 ironbound preservers
  2 spriggan defenders
  A reaper (Depths:1)
  2 draconian annihilators
  13 quicksilver oozes (Slime:5)
  7 formless jellyfish
  14 very ugly things
  Nessos (D:15)
  2 vampire knights
  2 lorocyprocas
  9 stone giants
  5 ironbound thunderhulks
  4 green draconians
  2 eleionomae
  2 bunyips
  2 deep elf death magi (Vaults:2)
  7 black draconians
  The ghost of Ruicvywi the Grappler, a journeyman OnSh of Okawaru (Lair:3)
  A spark wasp (shapeshifter) (Depths:4)
  A deep elf annihilator (Vaults:3)
  2 dire elephants (Vaults:3)
  5 purple draconians
  A war gargoyle (Vaults:3)
  11 spark wasps
  3 red draconians
  Azrael (Snake:2)
  5 yellow draconians
  3 white draconians
  Josephine (Lair:4)
  A merfolk impaler (Depths:1)
  8 jiangshi (Depths:4)
  7 ettins
  12 fire dragons
  2 shambling mangroves
  8 yaktaur captains
  3 rakshasas
  8 great orbs of eyes
  13 ice dragons
  7 ironbound frosthearts
  2 salamander tyrants (Snake:4)
  A peacekeeper (Vaults:3)
  17 hydras
  2 spriggan air magi (Depths:2)
  The ghost of Jingleheimer the Changeling, a journeyman OpRe of Gozag (D:11)
  A hell beast (D:12)
  6 vault guards
  3 two-headed ogres
  14 alligators
  15 centaur warriors
  An ogre mage (D:13)
  A ghost crab (Swamp:4)
  2 catoblepae (Lair:5)
  5 anacondas
  A boulder beetle (Vaults:1)
  14 naga warriors
  3 deep troll earth magi (Depths:4)
  10 deep troll shamans
  8 tengu warriors
  6 vampire magi
  6 dancing weapons
  16 naga sharpshooters
  2 orc high priests (Orc:2)
  3 death yaks
  2 spriggan berserkers (Depths:1)
  2 shock serpents
  2 deep elf knights (Elf:1)
  8 hell knights
  4 skeletal warriors (D:12)
  Amaemon (Lair:3)
  2 soul eaters (Depths:1)
  5 iron trolls
  2 salamander mystics (Snake:4)
  4 skysharks (Depths:3)
  5 arcanists
  65 deep trolls
  3 goliath frogs
  9 naga ritualists
  4 spriggan druids (Swamp:4)
  7 glowing orange brains
  2 shadow demons
  10 swamp dragons
  8 mana vipers
  A flayed ghost (Depths:4)
  67 slime creatures
  4 bog bodies
  A deep elf archer (Elf:1)
  2 necromancers
  7 deep elf pyromancers
  3 phantasmal warriors
  2 orc knights (D:15)
  A lindwurm (shapeshifter) (Depths:4)
  19 ironbound convokers
  9 lindwurms
  13 deep elf zephyrmancers
  2 cyclopes (D:15)
  27 ugly things
  A manticore (D:14)
  3 shining eyes
  3 orc sorcerers
  9 salamanders
  A manticore (shapeshifter) (Depths:3)
  3 will-o-the-wisps
  12 moths of wrath
  5 elephants
  4 meliai
  26 black mambas
  An eye of devastation (Slime:3)
  2 kobold blastminers (Orc:2)
  15 naga magi
  14 vault sentinels
  2 rust devils (Depths:2)
  4 guardian serpents
  A smoke demon (Volcano)
  A large abomination (D:1)
  3 cane toads
  A kobold demonologist (D:11)
  A freezing wraith (Vaults:2)
  A komodo dragon (Lair:3)
  7 tengu conjurers
  2 rime drakes
  12 yaktaurs
  2 red devils (Volcano)
  An efreet (D:8)
  A troll (Orc:2)
  9 hornets
  A bloated husk (Swamp:1)
  A queen bee (D:15)
  9 tyrant leeches
  2 blink frogs
  6 glass eyes
  A slime creature (shapeshifter) (Depths:1)
  3 air elementals
  A vampire (D:12)
  3 water elementals
  6 spriggans
  3 wraiths
  14 yaks
  A yak (shapeshifter) (D:13)
  2 basilisks
  2 wyverns
  A steam dragon (D:6)
  4 wargs
  2 hogs (Elf:1)
  2 fire bats (Volcano)
  2 fire elementals (Snake:2)
  5 golden eyes (Slime:4)
  6 vampire mosquitoes
  An acid dragon (D:11)
  48 nagas
  16 swamp worms
  3 hell hounds
  7 swamp drakes
  9 water moccasins
  A black bear (Lair:5)
  4 laughing skulls
  19 orc warriors
  An ice beast (D:7)
  8 ogres
  A centaur (D:10)
  11 boggarts
  11 wolves
  3 kobold brigands
  8 nameless horrors
  5 bullfrogs
  An earth elemental (Elf:2)
  A wight (D:7)
  27 killer bees
  3 electric eels
  4 lava snakes (Volcano)
  2 howler monkeys
  15 orc priests
  4 hell rats
  19 orc wizards
  A crocodile zombie (Ossuary)
  3 mummies
  4 gnolls
  2 ufetubi (D:6)
  An adder zombie (Ossuary)
  86 orcs
  4 gnoll zombies (Ossuary)
  4 jackal zombies (Ossuary)
  A kobold (D:11)
  2 orc zombies (Ossuary)
1379 creatures vanquished.

Vanquished Creatures (others)
  5 eldritch tentacles (Zot:5)
  A storm dragon (Zot:3)
  A draconian monk (Zot:1)
  A fire giant (Depths:4)
  A deep troll (Vaults:3)
  A spriggan druid (Swamp:2)
  4 bloated husks
  A spriggan (Swamp:2)
  A swamp worm (Swamp:2)
  A swamp drake (Swamp:2)
  An orc wizard (D:9)
  2 orcs (Orc:2)
  162 blazeheart cores
  8 foxfires (Swamp:3)
190 creatures vanquished.

Grand Total: 2048 creatures vanquished

Notes
Turn   | Place    | Note
-------+----------+-------------------------------------------
     0 | D:1      | gosagan the Barachi Earth Elementalist began the quest for
                  | the Orb.
     0 | D:1      | Reached XP level 1. HP: 13/13 MP: 3/3
    63 | D:1      | Found Renusao's Jewellery Shop.
   182 | D:1      | Reached XP level 2. HP: 19/19 MP: 1/5
   572 | D:1      | Reached XP level 3. HP: 24/24 MP: 4/6
   596 | D:1      | Learned a level 3 spell: Stone Arrow
  1200 | D:2      | Reached XP level 4. HP: 30/30 MP: 5/7
  1412 | D:2      | Identified the +5 whip of the Hawk {pain, ^Contam rF+
                  | Dex+4}
  1634 | D:2      | You fall into a shaft and drop 2 floors!
  1751 | D:4      | Noticed a scorpion
  1789 | D:4      | Reached XP level 5. HP: 24/35 MP: 1/8
  2017 | D:4      | Noticed an ogre
  2020 | D:4      | Killed an ogre
  2021 | D:4      | Reached skill level 5 in Earth Magic
  2116 | D:4      | Reached XP level 6. HP: 41/41 MP: 3/9
  2331 | D:4      | Reached skill level 5 in Conjurations
  2493 | D:4      | Identified the +1 ring mail "Xyiczar" {rPois Will+ Dex+3}
  2523 | D:4      | Reached skill level 1 in Fighting
  2523 | D:4      | Reached XP level 7. HP: 9/48 MP: 0/10
  3123 | D:3      | Found a faded altar of an unknown god.
  3965 | D:4      | Found Neguucloa's Mass Market.
  4388 | D:4      | Reached skill level 1 in Summonings
  4388 | D:4      | Reached skill level 1 in Fire Magic
  4545 | D:4      | Reached skill level 2 in Summonings
  4599 | D:4      | Noticed Eustachio
  4726 | D:4      | Reached XP level 8. HP: 57/57 MP: 4/11
  4785 | D:4      | Reached skill level 3 in Summonings
  4886 | D:4      | Identified the +11 mace of Defiance {flame, Int+5 Dex-4}
  5021 | D:5      | Entered Level 5 of the Dungeon
  5063 | D:5      | Learned a level 4 spell: Summon Blazeheart Golem
  5143 | D:5      | Reached skill level 4 in Summonings
  5528 | D:5      | Found a transporter.
  5660 | D:5      | Found a transporter.
  5660 | D:5      | Noticed zenocrate's ghost (weakling TrDe)
  5679 | D:5      | Reached skill level 5 in Summonings
  5797 | D:5      | Reached skill level 1 in Armour
  6102 | D:5      | Found a hide-covered altar of Uskayaw.
  6109 | D:5      | Reached skill level 5 in Fire Magic
  6708 | D:5      | Reached skill level 6 in Summonings
  6708 | D:5      | Reached XP level 9. HP: 62/62 MP: 0/12
  7113 | D:6      | Found a sand-covered staircase.
  7121 | Ossuary  | Entered an ossuary
  8036 | Ossuary  | Reached skill level 7 in Summonings
  8222 | D:6      | Found a staircase to the Ecumenical Temple.
  8232 | Temple   | Entered the Ecumenical Temple
  8253 | Temple   | Became a worshipper of Sif Muna the Loreminder
  8772 | D:7      | Reached skill level 8 in Summonings
  8875 | D:7      | Reached skill level 5 in Fighting
  9058 | D:7      | Reached XP level 10. HP: 64/76 MP: 9/14
  9098 | D:7      | Reached * piety under Sif Muna
  9321 | D:7      | Found a runed translucent door.
  9322 | D:7      | Noticed Crazy Yiuf
  9397 | D:7      | Reached skill level 1 in Invocations
  9481 | D:7      | Found a shadowy altar of Dithmenos.
  9621 | D:8      | Found a flagged portal.
  9669 | Bailey   | Entered a bailey
 10087 | Bailey   | Noticed an orc knight
 10109 | Bailey   | Killed an orc knight
 10350 | Bailey   | Found the +8 orange crystal plate armour {Archmagi, Int+3
                  | Clar}
 10582 | D:8      | Noticed a two-headed ogre
 10589 | D:8      | Reached ** piety under Sif Muna
 10589 | D:8      | Killed a two-headed ogre
 10590 | D:8      | Reached skill level 5 in Invocations
 10735 | D:8      | Reached skill level 1 in Evocations
 10786 | D:8      | Found a shimmering altar of Xom.
 10957 | D:8      | Reached XP level 11. HP: 70/83 MP: 12/15
 11080 | D:8      | Found a radiant altar of Vehumet.
 11450 | D:9      | Found an ancient bone altar of Kikubaaqudgha.
 11512 | D:9      | Found a burning altar of Makhleb.
 11561 | D:9      | Noticed a two-headed ogre
 11566 | D:9      | Killed a two-headed ogre
 11602 | D:9      | Identified the +8 mace "Uticlust" {freeze, ^Fragile Will+++
                  | Dex+3}
 11633 | D:8      | Reached skill level 9 in Summonings
 11837 | D:9      | Noticed Prince Ribbit
 11853 | D:9      | Killed Prince Ribbit
 12682 | D:9      | Noticed a two-headed ogre
 12688 | D:9      | Killed a two-headed ogre
 12689 | D:9      | Reached skill level 10 in Fire Magic
 13041 | D:9      | Reached *** piety under Sif Muna
 13168 | D:9      | Found Cuomim's Assorted Antiques.
 13168 | D:9      | Noticed Grum
 13420 | D:9      | Killed Grum
 13522 | D:9      | Bought 2 scrolls of identify for 96 gold pieces
 13522 | D:9      | Bought an ancient steel ring for 120 gold pieces
 13522 | D:9      | Identified the ring of Linyoni {Wiz rPois} (You bought it
                  | in a shop on level 9 of the Dungeon)
 13522 | D:9      | Bought a scroll labelled RYGENIEZUBY for 24 gold pieces
 13522 | D:9      | Bought a scroll labelled RYGENIEZUBY for 24 gold pieces
 14026 | D:9      | Noticed Erolcha
 14145 | D:9      | Killed Erolcha
 14494 | D:10     | Entered Level 10 of the Dungeon
 14534 | D:10     | Found a white marble altar of Elyvilon.
 14678 | D:10     | Found Azetiep's Distillery.
 14683 | D:10     | Bought a potion of heal wounds for 50 gold pieces
 14683 | D:10     | Bought a potion of curing for 30 gold pieces
 14683 | D:10     | Bought a potion of curing for 30 gold pieces
 14683 | D:10     | Bought a potion of curing for 30 gold pieces
 14683 | D:10     | Bought a potion of heal wounds for 50 gold pieces
 14745 | D:9      | Learned a level 4 spell: Summon Lightning Spire
 14968 | D:10     | Noticed a two-headed ogre
 14975 | D:10     | Killed a two-headed ogre
 14976 | D:10     | Reached XP level 12. HP: 91/91 MP: 14/18
 15685 | D:11     | Noticed Jingleheimer's ghost (journeyman OpRe)
 15685 | D:11     | Found a runed translucent door.
 15752 | D:11     | Noticed a sun demon
 15790 | D:11     | Noticed a boulder beetle
 15800 | D:11     | Found a staircase to the Lair.
 15809 | D:11     | Reached **** piety under Sif Muna
 15810 | D:11     | Reached skill level 5 in Armour
 15834 | D:11     | Found Paejuyl's Weapon Shop.
 16139 | D:11     | Found a staircase to the Orcish Mines.
 16187 | D:11     | Reached skill level 10 in Fighting
 16652 | D:11     | Reached skill level 1 in Shields
 16790 | D:11     | Killed a boulder beetle
 16970 | D:11     | Found a sparkling altar of Nemelex Xobeh.
 17245 | Lair:1   | Entered Level 1 of the Lair of Beasts
 17369 | Lair:1   | Identified the +1 leather armour of Life {Harm rPois}
 17513 | Lair:1   | Reached skill level 10 in Summonings
 17771 | Lair:1   | Noticed Nergalle
 17782 | Lair:1   | Killed Nergalle
 17783 | Lair:1   | Gained mutation: You can hop long distances. [Barachi
                  | growth]
 17783 | Lair:1   | Reached XP level 13. HP: 102/107 MP: 12/19
 18598 | Lair:2   | Noticed Sonja
 18608 | Lair:2   | Killed Sonja
 18898 | D:11     | Reached ***** piety under Sif Muna
 19322 | Lair:1   | Reached skill level 11 in Summonings
 19808 | Lair:2   | Noticed Erica
 19823 | Lair:2   | Killed Erica
 19946 | Lair:2   | Reached skill level 5 in Dodging
 20478 | Lair:2   | Found a staircase to the Snake Pit.
 20835 | Lair:2   | Received a gift from Sif Muna
 20844 | Lair:2   | Learned a level 5 spell: Summon Mana Viper
 20957 | Lair:2   | Reached skill level 1 in Hexes
 20998 | Lair:3   | Noticed Amaemon
 21006 | Lair:3   | Killed Amaemon
 21008 | Lair:3   | Reached XP level 14. HP: 117/121 MP: 11/20
 21217 | Lair:3   | Found a dark tunnel.
 21241 | Volcano  | Entered a volcano
 21718 | Volcano  | Found a burning altar of Makhleb.
 21731 | Volcano  | Reached skill level 5 in Hexes
 22881 | Lair:3   | Reached skill level 12 in Summonings
 23138 | Lair:3   | Reached skill level 13 in Summonings
 23247 | Lair:3   | Found a staircase to the Swamp.
 23361 | Lair:3   | Found a large runed translucent door.
 23361 | Lair:3   | Found a large runed translucent door.
 23366 | Lair:3   | Noticed Ruicvywi's ghost (journeyman OnSh)
 23840 | Lair:4   | Noticed Josephine
 23848 | Lair:4   | Killed Josephine
 23849 | Lair:4   | Reached skill level 5 in Spellcasting
 24048 | Lair:4   | Reached skill level 5 in Stealth
 24813 | Lair:5   | Entered Level 5 of the Lair of Beasts
 24913 | Lair:5   | Noticed Urug
 24924 | Lair:5   | Killed Urug
 24983 | Lair:5   | Found a staircase to the Slime Pits.
 24984 | Lair:5   | Found a viscous altar of Jiyva.
 25049 | Lair:5   | Reached skill level 14 in Summonings
 25708 | Lair:5   | Reached skill level 15 in Fighting
 25790 | Lair:5   | Learned a level 7 spell: Monstrous Menagerie
 26040 | Lair:5   | Received a gift from Sif Muna
 26099 | Lair:5   | Got Xaopar's Quarto of the Hindering Legion {god gift}
 26136 | Lair:5   | Reached XP level 15. HP: 124/129 MP: 14/24
 26219 | Lair:5   | Reached skill level 15 in Summonings
 26398 | Lair:5   | Identified the ring "Jeryxesae" {rPois Int+5}
 26418 | Lair:5   | Identified the staff "Daumog" {^Drain rElec rC+ Air Earth}
 26746 | Orc:1    | Entered Level 1 of the Orcish Mines
 26978 | Orc:2    | Entered Level 2 of the Orcish Mines
 26978 | Orc:2    | Found a staircase to the Elven Halls.
 27520 | Orc:2    | Gained mutation: You sometimes lose your temper in combat.
                  | [mutagenic glow]
 27827 | Orc:2    | Found Viogoh's Jewellery Boutique.
 28029 | Orc:2    | Found Tiuceng's Weapon Emporium.
 28541 | Orc:2    | Noticed an orc warlord
 28561 | Orc:2    | Received a gift from Sif Muna
 28567 | Orc:2    | Killed an orc warlord
 28688 | Orc:2    | Got Hiuff's Almanac of Fulgurous Percussion {god gift}
 28697 | Orc:2    | Found Wiuxi's Antique Weapon Boutique.
 28699 | Orc:2    | Found Ixulaly's Antique Armour Shop.
 28712 | Orc:2    | Bought a pair of distressingly furry boots for 266 gold
                  | pieces
 28712 | Orc:2    | Identified the +0 pair of boots of Twilight {rPois Dex+5
                  | SInv} (You bought it in a shop on level 2 of the Orcish
                  | Mines)
 28783 | Orc:2    | Reached skill level 16 in Summonings
 30196 | D:12     | Reached skill level 5 in Shields
 30383 | D:12     | Got the Catalogue of Maledictive Accomplices
 30916 | D:13     | Found a gate to the Vaults.
 31105 | D:13     | Reached skill level 17 in Summonings
 31200 | D:13     | Learned a level 5 spell: Freezing Cloud
 31266 | D:13     | Found a runed translucent gate.
 31274 | D:13     | Found a runed translucent gate.
 31274 | D:13     | Found a runed translucent gate.
 31407 | D:13     | Identified a scroll of acquirement
 31407 | D:13     | Acquired 661 gold pieces
 31565 | D:11     | Killed Jingleheimer's ghost
 32137 | D:14     | Learned a level 7 spell: Summon Hydra
 33031 | D:15     | Entered Level 15 of the Dungeon
 33111 | D:15     | Noticed Nessos
 33119 | D:15     | Killed Nessos
 33394 | D:15     | Noticed Rupert
 33403 | D:15     | Killed Rupert
 33545 | D:15     | Reached XP level 16. HP: 136/136 MP: 13/28
 34210 | D:15     | Reached skill level 5 in Air Magic
 34219 | D:15     | Found a staircase to the Depths.
 35388 | Snake:1  | Entered Level 1 of the Snake Pit
 35558 | Snake:1  | Found Gabib's Distillery.
 35558 | Snake:1  | Noticed Agnes
 35579 | Snake:1  | Killed Agnes
 35719 | Snake:1  | Found Possu's Antique Armour Shoppe.
 35719 | Snake:1  | Found Yhieneopiph's Book Emporium.
 35725 | Snake:1  | Bought a potion of curing for 51 gold pieces
 35725 | Snake:1  | Bought a potion of haste for 170 gold pieces
 35725 | Snake:1  | Bought a potion of cancellation for 136 gold pieces
 35725 | Snake:1  | Bought a potion of enlightenment for 85 gold pieces
 35727 | Snake:1  | Found Useomeit's Magic Scroll Emporium.
 35735 | Snake:1  | Bought a scroll of enchant armour for 150 gold pieces
 35735 | Snake:1  | Bought a scroll of fear for 80 gold pieces
 35782 | Snake:1  | Identified the serpent talisman of Wiessa {Will+ Str+3}
 35782 | Snake:1  | Noticed Aizul
 35790 | Snake:1  | Killed Aizul
 36785 | Snake:2  | Noticed Vashnia
 36894 | Snake:2  | Killed Vashnia
 37032 | Snake:2  | Found a runed translucent gate.
 37062 | Snake:2  | Found a runed translucent gate.
 37063 | Snake:2  | Found a runed translucent gate.
 38787 | Snake:2  | Noticed Azrael
 38798 | Snake:2  | Killed Azrael
 39371 | Snake:2  | Reached XP level 17. HP: 141/142 MP: 4/30
 39690 | Snake:3  | Found Midimoja's Antique Armour Emporium.
 39696 | Snake:3  | Found Junolyonurr's Book Emporium.
 39703 | Snake:3  | Bought a glowing cloak for 307 gold pieces
 39763 | Snake:3  | Reached skill level 10 in Spellcasting
 40351 | Snake:3  | Reached skill level 10 in Air Magic
 40421 | Snake:3  | Found a stormy altar of Qazlal.
 40442 | Snake:3  | Reached skill level 10 in Conjurations
 41251 | Snake:4  | Entered Level 4 of the Snake Pit
 41444 | Snake:4  | Noticed Mlioglotl
 41562 | Snake:4  | Killed Mlioglotl
 42605 | Snake:4  | Learned a level 8 spell: Summon Horrible Things
 42643 | Snake:4  | Noticed Saint Roka
 42672 | Snake:4  | Killed Saint Roka
 43088 | Snake:4  | Reached skill level 18 in Summonings
 43116 | Snake:4  | Got a serpentine rune of Zot
 44125 | Lair:3   | Killed Ruicvywi's ghost
 44126 | Lair:3   | Reached XP level 18. HP: 149/149 MP: 24/32
 44238 | Swamp:1  | Entered Level 1 of the Swamp
 44643 | Swamp:1  | Received a gift from Sif Muna
 44647 | Swamp:1  | Got Sif Muna's Codex of the Assembled Map {god gift}
 45024 | Swamp:1  | Found a runed translucent gate.
 45024 | Swamp:1  | Found a runed translucent gate.
 45025 | Swamp:1  | Found a runed translucent gate.
 45026 | Swamp:1  | Noticed Zachydoop's ghost (journeyman DsGl)
 45077 | Swamp:1  | Reached skill level 19 in Summonings
 46056 | Swamp:2  | Reached skill level 20 in Summonings
 47022 | Swamp:3  | Identified the +7 long sword of Vaupiolu {freeze, rF+ rC+
                  | Dex+5}
 47202 | Swamp:4  | Entered Level 4 of the Swamp
 47702 | Swamp:4  | Reached skill level 10 in Dodging
 48618 | Swamp:4  | Got a decaying rune of Zot
 48811 | Elf:1    | Entered Level 1 of the Elven Halls
 48855 | Elf:1    | Noticed Kirke
 48864 | Elf:1    | Killed Kirke
 49047 | Elf:1    | Paralysed by an air elemental for 1 turns
 49373 | Elf:1    | Noticed Jorgrun
 49387 | Elf:1    | Killed Jorgrun
 49580 | Elf:1    | Received a gift from Sif Muna
 49629 | Elf:1    | Got Sif Muna's Tractate on Bombardment and Sparks {god
                  | gift}
 49654 | Elf:1    | Reached XP level 19. HP: 149/161 MP: 29/33
 50352 | Elf:1    | Paralysed by an air elemental for 1 turns
 50517 | Elf:2    | Noticed Nikola
 50518 | Elf:2    | Paralysed by an air elemental for 1 turns
 50530 | Elf:2    | Killed Nikola
 50782 | Elf:2    | Found a huge runed translucent gate.
 50784 | Elf:2    | Found a huge runed translucent gate.
 50784 | Elf:2    | Found a huge runed translucent gate.
 50785 | Elf:2    | Found a huge runed translucent gate.
 50785 | Elf:2    | Found a huge runed translucent gate.
 51250 | Elf:3    | Entered Level 3 of the Elven Halls
 51454 | Vaults:1 | Entered Level 1 of the Vaults
 51765 | Vaults:1 | Found Rasmaaxe's Antique Weapon Shop.
 52558 | Vaults:1 | Reached skill level 21 in Summonings
 54010 | Vaults:2 | Reached skill level 22 in Summonings
 54312 | Vaults:2 | Reached XP level 20. HP: 168/168 MP: 27/36
 54596 | Vaults:2 | Found a staircase to the Crypt.
 54636 | Vaults:2 | Reached skill level 23 in Summonings
 54857 | Vaults:2 | Received a gift from Sif Muna
 54858 | Vaults:2 | Got Sif Muna's Directory of the Electric Salvo {god gift}
 56005 | Vaults:2 | Reached skill level 24 in Summonings
 57102 | Vaults:3 | Found Peaqia's Jewellery Emporium.
 57316 | Vaults:3 | Noticed Zenata
 57512 | Vaults:3 | Killed Zenata
 57971 | Vaults:3 | Learned a level 9 spell: Dragon's Call
 58926 | Vaults:4 | Received a gift from Sif Muna
 58950 | Vaults:4 | Got Sif Muna's Tome of the Bright Cwm {god gift}
 59185 | Vaults:4 | Reached XP level 21. HP: 174/174 MP: 32/39
 59447 | Vaults:4 | Reached skill level 10 in Armour
 59707 | Vaults:4 | Identified the +1 chain mail of Card Tricks {+Blink rElec}
 60945 | Depths:1 | Entered Level 1 of the Depths
 60945 | Depths:1 | Found a gateway to Hell.
 60957 | Depths:1 | Found Cet Goe's Book Shoppe.
 60959 | Depths:1 | Found Falekaem's Assorted Antiques.
 60959 | Depths:1 | Found Duvueffur's Antique Armour Boutique.
 60961 | Depths:1 | Found Nimataig's Antique Armour Shoppe.
 60970 | Depths:1 | Bought 2 scrolls of fear for 256 gold pieces
 60970 | Depths:1 | Bought a scroll of teleportation for 96 gold pieces
 60972 | Depths:1 | Bought the +3 warlock's mirror {omnireflect} for 880 gold
                  | pieces
 60972 | Depths:1 | Found the +3 warlock's mirror {omnireflect}
 60995 | Depths:1 | Bought a pair of smoking gloves for 389 gold pieces
 60995 | Depths:1 | Identified the +1 pair of gloves "Fuoryul" {Str-4 Int+8
                  | Dex-3 SInv} (You bought it in a shop on level 1 of the
                  | Depths)
 61022 | Depths:1 | Found a one-way gateway to a ziggurat.
 61394 | Depths:1 | Found a one-way gate leading to the halls of Pandemonium.
 61562 | Depths:1 | Found a one-way gate to the infinite horrors of the Abyss.
 62156 | Depths:1 | Found a runed translucent door.
 63011 | Depths:2 | Received a gift from Sif Muna
 63556 | Depths:2 | You fall into a shaft and drop 1 floor!
 63556 | Depths:3 | Noticed a golden dragon
 63605 | Depths:3 | Noticed Norris
 63626 | Depths:3 | Killed Norris
 64366 | Depths:2 | Identified the +0 leather armour of Xygocagu {rPois rF-
                  | Regen+}
 64400 | Depths:2 | Identified the +2 helmet of an ossuary {rC+ Int+6}
 64917 | Depths:3 | Reached XP level 22. HP: 189/190 MP: 26/40
 64924 | Depths:3 | Reached skill level 15 in Spellcasting
 64934 | Depths:3 | Killed a golden dragon
 64934 | Depths:3 | Received a gift from Sif Muna
 64947 | Depths:3 | Got Loucs's Cyclopedia of Lithic Sciomancy {god gift}
 66180 | Depths:3 | Identified the +2 robe "Zonerig" {Rampage Will- Regen+
                  | Slay+2}
 66384 | Depths:4 | Entered Level 4 of the Depths
 66388 | Depths:4 | Reached skill level 1 in Translocations
 66513 | Depths:4 | Identified the ring "Cirghi" {rElec EV+5}
 66517 | Depths:4 | Identified the +9 great sword of Arrival {pain, Int+3
                  | Dex+6}
 66652 | Depths:4 | Reached skill level 5 in Translocations
 66924 | Depths:4 | Noticed a golden dragon
 66933 | Depths:4 | Killed a golden dragon
 66998 | Depths:4 | Identified the ring "Owadad" {rElec EV+5 Slay+2}
 67219 | Depths:4 | Noticed a caustic shrike
 67226 | Depths:4 | Killed a caustic shrike
 67649 | Depths:4 | Found Kix Caicw's Antique Armour Boutique.
 67873 | Depths:4 | Identified the ring "Gouwniocw" {rElec rF- Will+ Str+5
                  | Int+2 Slay+3}
 67955 | Depths:4 | Reached XP level 23. HP: 206/206 MP: 27/42
 68048 | Depths:4 | Found Qumorod's Distillery.
 68080 | Depths:4 | Bought a potion of curing for 66 gold pieces
 68080 | Depths:4 | Bought a potion of resistance for 220 gold pieces
 68080 | Depths:4 | Bought a potion of brilliance for 88 gold pieces
 68080 | Depths:4 | Bought a potion of brilliance for 88 gold pieces
 68080 | Depths:4 | Bought a potion of heal wounds for 110 gold pieces
 68095 | Depths:4 | Found a transporter.
 68123 | Depths:4 | Identified the +11 falchion of Beogh's Hope {freeze, Will+
                  | MP+9}
 68133 | Depths:4 | Found a gate to the Realm of Zot.
 68229 | Depths:4 | Found a transporter.
 68272 | Depths:4 | Received a gift from Sif Muna
 68280 | Depths:4 | Got Sif Muna's Volume of Massed Topology {god gift}
 68801 | Slime:1  | Entered Level 1 of the Pits of Slime
 68816 | Slime:2  | Gained mutation: Your health recovers twice as slowly from
                  | being drained. [a shining eye]
 69260 | Slime:4  | Learned a level 4 spell: Passage of Golubria
 69266 | Slime:5  | Entered Level 5 of the Pits of Slime
 69990 | Slime:5  | Noticed the Royal Jelly
 69996 | Slime:5  | Killed the Royal Jelly
 70081 | Slime:5  | Reached skill level 15 in Dodging
 70211 | Slime:5  | Identified the amulet of Pride {Faith Dex+3}
 70242 | Slime:5  | Got the Folio of Frost and the Cumulonimbus
 70244 | Slime:5  | Got a slimy rune of Zot
 70255 | Slime:5  | Identified the +4 plate armour of Hubris {rPois MP+9}
 70297 | Slime:5  | Identified the staff of the Iron City of Dis {*Slow +Blink
                  | rN+ Str+3 Int+4 Necro}
 70306 | Slime:5  | Identified the +5 broad axe of the Forging Lamprey {freeze,
                  | Will+ Int+3}
 70731 | Zot:1    | Entered Level 1 of the Realm of Zot
 71034 | Snake:1  | Bought a scroll of revelation for 150 gold pieces
 71406 | Zot:1    | Found a runed translucent door.
 71939 | Zot:2    | Reached skill level 25 in Summonings
 71942 | Zot:2    | Received a gift from Sif Muna
 72032 | Zot:2    | Got Jypofur's Codex of Phantasmal Grit {god gift}
 72119 | Zot:3    | Noticed a golden dragon
 72130 | Zot:3    | Killed a golden dragon
 72131 | Zot:3    | Noticed Vv
 72139 | Zot:3    | Reached XP level 24. HP: 212/217 MP: 22/43
 72361 | Zot:3    | Killed Vv
 72914 | Zot:4    | Learned a level 7 spell: Malign Gateway
 72915 | Zot:5    | Entered Level 5 of the Realm of Zot
 72965 | Zot:5    | Reached skill level 10 in Shields
 72969 | Zot:5    | Noticed an orb of fire
 72970 | Zot:5    | Noticed a dread lich
 72977 | Zot:5    | Noticed a dread lich
 73186 | Zot:4    | Identified the +8 great sword of Ruhemit {heavy, Fly}
 73234 | Zot:5    | Killed a dread lich
 73263 | Zot:5    | Killed an orb of fire
 73479 | Zot:5    | Noticed an orb of fire
 73766 | Zot:5    | Killed an orb of fire
 73880 | Zot:5    | Noticed an orb of fire
 73890 | Zot:5    | Killed an orb of fire
 74034 | Zot:5    | Noticed a Killer Klown
 74038 | Zot:5    | Noticed an orb of fire
 74039 | Zot:5    | Noticed a Killer Klown
 74042 | Zot:5    | Noticed an ancient lich
 74443 | Zot:5    | Killed an ancient lich
 74452 | Zot:5    | Killed an orb of fire
 74475 | Zot:5    | Killed a Killer Klown
 74544 | Zot:5    | Noticed an orb of fire
 74546 | Zot:5    | Gained mutation: You are frail. (-10% HP) [an orb of fire]
 74550 | Zot:5    | Killed an orb of fire
 74557 | Zot:5    | Noticed a Killer Klown
 74566 | Zot:5    | Killed a Killer Klown
 74594 | Zot:5    | Noticed an orb of fire
 74601 | Zot:5    | Killed an orb of fire
 74617 | Zot:5    | a Killer Klown changed into a titan
 74913 | Zot:5    | Reached skill level 15 in Shields
 75034 | Zot:5    | Noticed a Killer Klown
 75042 | Zot:5    | Killed a Killer Klown
 75213 | Zot:5    | Reached XP level 25. HP: 195/200 MP: 12/43
 75548 | Zot:5    | Noticed a dread lich
 75549 | Zot:5    | Got the Orb of Zot
 75819 | Depths:2 | Noticed Omepor the pandemonium lord
 76086 | D:9      | Noticed a seraph
 76092 | D:9      | Noticed a seraph
 76341 | D:$      | Escaped with the Orb!

Illustrated notes

Levels and vault maps discovered:
D:1:      nicolae_arrival_washed_ashore, layout_rooms, serial_shops, shop
D:2:      layout_basic, minmay_pentomino_o2
D:3:      layout_loops_corners, hellmonk_ecumenical_altar_arch_garden
D:4:      minmay_thinvault, layout_loops_ring, nicolae_hepliaklqana_hippocampus,
          minmay_shop_mass, chequers_serial_rivers_large_a, chequers_garden,
          hangedman_decor_points, kennysheep_nub, st_stairs_14, eino_curves_01,
          hangedman_decor_clover_reticule, small_statue_intersection,
          uniq_eustachio
D:5:      layout_basic, marbit_many_paths, gammafunk_ghost_arena,
          portal_sewer_entry_e, kennysheep_generic_room_5
D:6:      layout_rooms, minmay_temple_entry_arrows, chequers_ossuary_entry_cave
D:7:      layout_rooms, mainiacjoe_overflow_cross_hatched,
          uniq_crazy_yiuf_cottage
D:8:      layout_cave_pools, lemuel_doored_altar,
          mainiacjoe_overflow_small_starburst, enter_bailey_6
D:9:      lemuel_ogre_cave, layout_basic,
          mainiacjoe_overflow_concentric_impassable, lightli_temple_of_fire,
          serial_corexii_hall, corexii_hall_statues_x, chequers_hall_statues_y,
          serial_shops, shop, minmay_misc_feat_room, kb_lookout_dungeons_type,
          uniq_grum, uniq_prince_ribbit1
D:10:     layout_stronghold, mainiacjoe_overflow_chevrons, serial_shops, shop
D:11:     layout_rooms, erik_lair_orcish_takeover, serial_shops, shop,
          ebering_ghost_inner_flame, nemelex_altar_shiori
D:12:     layout_roguey, grunt_ministairs_8, minmay_radiant
D:13:     layout_big_octagon, david_vaults_2, gammafunk_ghost_icy,
          minmay_guarded_unrand_curses
D:14:     layout_long_grid, minmay_misc_feat_enclosed
D:15:     grunt_enter_depths_hoard, layout_long_grid, special_room
          [special_room_bee], hangedman_decor_slide_cut, st_stairs_14,
          uniq_nessos, uniq_rupert
Temple:   dpeg_chambers_temple
Lair:1:   layout_roguey, uniq_nergalle
Lair:2:   layout_long_grid, guppyfry_snake_entry_island,
          infiniplex_staircase_pool, grunt_megastairs_3, uniq_erica, uniq_sonja
Lair:3:   layout_cellular_growth, mainiacjoe_swamp_entry_angry_trees,
          nicolae_volcano_entry_vermiform, serial_bayou, serial_bayou_lake_a,
          serial_bayou_pond_c, serial_bayou_pond_d, serial_bayou_shore_b,
          ebering_ghost_disaster_area, uniq_amaemon
Lair:4:   layout_cave_pods, mumra_transporter_accident, nicolae_lair_lil_pond,
          uniq_josephine
Lair:5:   grunt_lair_end_beastmaster, layout_misc_corridors, slime_entry_1,
          nicolae_lair_lindhole, uniq_urug
Swamp:1:  layout_basic_swamp, gammafunk_ghost_hydra_chop,
          nicolae_swamp_round_clearing
Swamp:2:  layout_falls_marsh, evilmike_swamp_ruin_house_1,
          infiniplex_staircase_pool_2, nicolae_swamp_decorative_isthmus
Swamp:3:  layout_basic_swamp, nicolae_swamp_some_circles, swamp_pool_4
Swamp:4:  swamp, layout_basic_swamp
Snake:1:  layout_rooms, minmay_shoptagon, lemuel_fruit_tree, uniq_aizul,
          uniq_agnes
Snake:2:  layout_cave_pods, nicolae_snake_horde_hoard, nicolae_triple_integral,
          uniq_azrael, uniq_vashnia
Snake:3:  layout_cave_shapes, basic_altar, corexii_hall_statues_deadend,
          minmay_shop_star
Snake:4:  minmay_snake_end_coiled, layout_gridlike, uniq_saint_roka,
          uniq_mlioglotl
Slime:1:  layout_caves
Slime:2:  layout_caves
Slime:3:  layout_caves, basic_altar
Slime:4:  layout_caves
Slime:5:  slime_pit_nicolae_royal_road_to_ruin
Orc:1:    layout_caves, basic_altar
Orc:2:    grunt_orc_community_town_hall, layout_caves,
          grunt_orc_community_big_house_1, grunt_orc_community_big_house_2,
          grunt_orc_community_house_3, grunt_orc_community_house_3,
          grunt_orc_community_house_2, grunt_orc_community_house_1,
          grunt_orc_community_house_3, grunt_orc_community_house_1, basic_altar,
          nicolae_orc_pool_cavern, lightli_orcish_oven
Elf:1:    eino_elf_arrival_the_gate, layout_geoelf_grid,
          minmay_elf_crystal_hexagon, uniq_jorgrun, uniq_kirke
Elf:2:    elven_hall_of_blades_hangedman_alternative
          [nicolae_blade_entry_diamond_columns], layout_gridlike,
          lemuel_upstairs_altar, uniq_nikola
Elf:3:    grunt_elf_hall_asides, layout_loops_corners
Vaults:1: mu_enter_wizlab_1, v_rooms_1, vaults_mumra_hex, vaults_dpeg_spiral,
          nicolae_vaults_little_squares_6, nicolae_vaults_double_plus_2,
          ontoclasm_vaults_misaligned, v_misc_27, hangedman_vaults_corner,
          v_misc_9, nicolae_vaults_apartment_2, nicolae_vaults_whirlpool_walls,
          ontoclasm_vaults_decontamination, layout_vaults_maze_snakey,
          serial_shops, nicolae_shop_behind_doors
Vaults:2: nicolae_vaults_network_periphery, v_pattern_5,
          nicolae_vaults_diamond_1, hangedman_vaults_impose,
          nicolae_vaults_wine_cellar, minmay_crypt_entry_simple_box,
          nicolae_vaults_shipping_containers_4, nicolae_vaults_diamond_1,
          nicolae_vaults_twisting_passages, vaults_dpeg_diagonal,
          hangedman_vaults_maws, ontoclasm_vaults_ring_small,
          nicolae_vaults_storage_room_glass, nicolae_vaults_two_Ls,
          grunt_vaults_diagonal, nicolae_vaults_surprise_closet,
          layout_vaults_ring
Vaults:3: nicolae_vaults_layer_cake_slice, vaults_room_stairs_pillars,
          nicolae_vaults_tetromino_Z_2, vaults_standard_mumra_x,
          nicolae_vaults_ring_of_whatevers, v_misc_2,
          nicolae_vaults_storage_closets_1, nicolae_vaults_closet_pinwheel_6,
          nicolae_vaults_murderbox, vaults_dpeg_hooks,
          nicolae_vaults_tetromino_L_2, layout_vaults_chaotic_city,
          serial_shops, shop, uniq_zenata
Vaults:4: nicolae_vaults_house_1, nicolae_vaults_frosty_reception,
          nicolae_vaults_offset_grid_hallway_1, vaults_mumra_hexcomb,
          nicolae_vaults_yaktaur_gun_rack, nicolae_vaults_storage_room_statues,
          nicolae_vaults_diamond_1, nicolae_vaults_storage_room_doors,
          v_pattern_2, v_misc_25, layout_vaults_omnigrid
Depths:1: layout_honeycomb, enter_ziggurat_e, serial_sigils,
          serial_sigils_hangedman_quiver, serial_sigils_hangedman_gut,
          serial_sigils_hangedman_gnaw, serial_sigils_hangedman_snap,
          serial_sigils_hangedman_confine, abyss_entry, hell_entry,
          rand_demon_pan_entry_8, nrook_pool_corridor, minmay_fountain_box,
          nicolae_wooded_promenade, minmay_acid_items
Depths:2: dreamdust_tengu_aerie, layout_gridlike, hell_entry, abyss_entry,
          rand_demon_pan_entry_5, grunt_megastairs_1
Depths:3: minmay_blocking_statues, layout_long_grid, abyss_entry_glasseish,
          patterned_corridor, grunt_hell_entry_dis_old, uniq_norris
Depths:4: hangedman_spin_cycle, hell_entry
Zot:1:    evilmike_crystal_ball_defense, layout_misc_corridors,
          gammafunk_ghost_grave, skrybe_zot_glass_1, grunt_ministairs_11,
          uniq_josephina
Zot:2:    layout_basic, regret_index_zotdec_barnacled_alternative,
          grunt_ministairs_9
Zot:3:    layout_twisted_circle, uniq_vv
Zot:4:    layout_onion, regret_index_zotdec_golden_two_three,
          nicolae_diode_intersection, uniq_grunn
Zot:5:    layout_misc_corridors

Skill      XL: |  1  2  3  4  5  6  7  8  9 10 11 12 13 14 15 16 17 18 19 20 21 22 23 24 25 |
---------------+----------------------------------------------------------------------------+-----
Conjurations   | 2 4 6 7 9 11 | 11.5
Earth Magic    | 4 5 |  5.0
Fighting       | 1 2 5 6 7 11 14 15 17 20 23 24 | 24.0
Summonings     | 2 6 8 9 10 11 14 17 18 20 22 24 25 | 25.0
Fire Magic     | 2 5 8 10 | 10.8
Armour         | 2 4 5 7 8 10 | 10.0
Invocations    | 5 7 |  7.0
Stealth        | 4 5 7 |  7.5
Dodging        | 4 6 7 8 10 11 12 15 16 | 16.6
Spellcasting   | 3 4 6 8 9 10 12 14 15 16 | 16.0
Evocations     | 2 |  2.0
Air Magic      | 2 4 9 11 | 11.5
Shields        | 4 5 6 15 | 15.0
Hexes          | 2 5 |  5.0
Translocations | 5 |  5.0

Action                     |  1- 3 |  4- 6 |  7- 9 | 10-12 | 13-15 | 16-18 | 19-21 | 22-24 | 25-27 || total
---------------------------+-------+-------+-------+-------+-------+-------+-------+-------+-------++-------
  Melee: Dagger            |     1 |    18 |       |       |       |       |       |       |       ||    19
         Whip              |       |       |    18 |    28 |    46 |    15 |     1 |     6 |     1 ||   115
         Punch             |       |       |       |     1 |       |       |       |       |       ||     1
   Cast: Sandblast         |    47 |    34 |    91 |    33 |     2 |     3 |       |       |       ||   210
         Stone Arrow       |     1 |    12 |    45 |    45 |    64 |     2 |       |       |       ||   169
         Summon Blazeheart |       |       |    24 |   103 |   102 |       |       |       |       ||   229
         Summon Lightning  |       |       |       |     6 |    22 |       |       |       |       ||    28
         Summon Mana Viper |       |       |       |       |    49 |    12 |     5 |     6 |       ||    72
         Monstrous Menager |       |       |       |       |    96 |   164 |   106 |     9 |       ||   375
         Summon Hydra      |       |       |       |       |     7 |   113 |    18 |     8 |       ||   146
         Freezing Cloud    |       |       |       |       |       |    37 |    24 |     2 |       ||    63
         Summon Horrible T |       |       |       |       |       |    52 |   129 |   143 |    13 ||   337
         Dragon's Call     |       |       |       |       |       |       |     8 |    21 |     2 ||    31
         Maxwell's Capacit |       |       |       |       |       |       |       |     2 |       ||     2
         Malign Gateway    |       |       |       |       |       |       |       |     7 |       ||     7
         Passage of Golubr |       |       |       |       |       |       |       |     2 |       ||     2
 Invoke: Channel Magic     |       |       |       |     2 |    13 |    22 |    12 |    27 |     1 ||    77
         Divine Exegesis   |       |       |       |       |       |       |       |     2 |       ||     2
Ability: Hop               |       |     3 |     1 |     4 |     5 |     7 |     2 |     5 |     3 ||    30
  Evoke: Wand              |       |       |     2 |     2 |     4 |       |       |     4 |     4 ||    16
         Phantom mirror    |       |       |       |     1 |       |     1 |       |     1 |       ||     3
    Use: Scroll            |       |     1 |    10 |    12 |    13 |     4 |     6 |     9 |     3 ||    58
         Potion            |       |     1 |       |     4 |     1 |     6 |     5 |    17 |    12 ||    46
   Stab: Distracted        |       |       |       |       |       |     2 |       |       |       ||     2
 Armour: Robe              |     7 |    23 |    11 |       |       |       |       |       |       ||    41
         Ring mail         |       |       |    32 |   161 |   239 |       |       |       |       ||   432
         Troll leather arm |       |       |       |       |    11 |   197 |   123 |       |       ||   331
         Leather armour    |       |       |       |       |       |       |    36 |   141 |     8 ||   185
  Dodge: Dodged            |    15 |    23 |    76 |   341 |   325 |   276 |   284 |   288 |    19 ||  1647
  Block: Buckler           |       |       |       |    16 |   160 |   116 |   104 |   111 |    12 ||   519
         Reflection        |       |       |       |       |       |       |     8 |    18 |     3 ||    29
